 Dungeon Crawl Stone Soup version 0.28-a0-1087-gf3fc490d9d (webtiles) character file.

Game seed: 15364050836028001161

144 siradein the Skirmisher (level 5, 0/46 HPs)
             Began as a Draconian Fighter on Dec 10, 2021.
             Killed by nerve-wracking pain
             ... invoked by Grinder
              (9 damage)
             ... on level 3 of the Dungeon.
             The game lasted 00:04:48 (3109 turns).

siradein the Skirmisher (Draconian Fighter)         Turns: 3109, Time: 00:04:48

Health: 0/46       AC:  5    Str: 18    XL:     5   Next: 5%
Magic:  5/5        EV: 13    Int:  8    God:
Gold:   109        SH:  5    Dex: 13    Spells: 4/4 levels left

rFire   . . .      SeeInvis .   a - +0 long sword
rCold   . . .      Faith    .   b - +0 buckler
rNeg    . . .      Spirit   .   (armour unavailable)
rPois   .          Reflect  .   (helmet restricted)
rElec   .          Harm     .   (no cloak)
rCorr   .          Rampage  .   (no gloves)
Will    .....                   (no boots)
Stlth   +.........              (no amulet)
HPRegen 0.15/turn               (no ring)
MPRegen 0.09/turn               (no ring)

@: mighty
A: AC +5, unfitting armour, cold-blooded
a: no special abilities


You were on level 3 of the Dungeon.
You visited 1 branch of the dungeon, and saw 3 of its levels.

You collected 109 gold pieces.

Inventory:

Hand Weapons
 a - a +0 long sword (weapon)
 n - a +2 vampiric dagger
Armour
 b - a +0 buckler (worn)
Jewellery
 l - an amulet of faith
 m - a ring of fire
Wands
 j - a wand of polymorph (12)
Scrolls
 d - a scroll of torment {unknown}
 e - a scroll of enchant armour {unknown}
 f - 4 scrolls of identify {unknown}
 g - 2 scrolls of magic mapping {unknown}
 i - a scroll of amnesia {unknown}
Potions
 h - 2 potions of invisibility {unknown}
 k - a potion of heal wounds {unknown}
 o - a potion of degeneration {unknown}


   Skills:
 + Level 4.2 Fighting
 + Level 3.1 Long Blades
 + Level 3.5 Dodging
 + Level 3.9 Shields


You had 4 spell levels left.
You didn't know any spells.
Your spell library was empty.

Dungeon Overview and Level Annotations

Branches:
Dungeon (3/15)

Altars:

Annotations:
D:2 1 runed translucent door, Crazy Yiuf
D:3 Grinder


Innate Abilities, Weirdness & Mutations

Your plain brown scales are hard. (AC +5)
You cannot fit into any form of body armour.
You are cold-blooded and may be slowed by cold attacks.


Message History

Unknown command.
You hit Grinder. You tail-slap Grinder.
Grinder is moderately wounded.
Grinder closely misses you. x2
You completely miss Grinder.
Grinder is moderately wounded.
Grinder closely misses you.
You barely miss Grinder.
Grinder is moderately wounded.
Grinder gestures at you.
You suddenly lose the ability to move!
Grinder blinks!
You can move again.
Unknown command.
Unknown command.
Grinder gestures at you. Pain shoots through your body!
Grinder blinks!
Grinder gestures at you. Pain shoots through your body!
You are too injured to fight recklessly!
You are too injured to fight recklessly!
You are too injured to fight recklessly!
You are too injured to fight recklessly!
Unknown command.
Grinder gestures at you. Pain shoots through your body! Grinder hits you.
You slash Grinder!
Grinder is heavily wounded.
Grinder hits you.
* * * LOW HITPOINT WARNING * * *
You writhe in agony.
* * * LOW HITPOINT WARNING * * *
You slash Grinder!
Your tail-slap misses Grinder.
Grinder is severely wounded.
Grinder blinks!
Grinder gestures at you. Pain shoots through your body!
You die...

.................#
.###############.#
.#.#############.#
.#.............#.#
.#.###########.#.#
.#...........#.#.#
.#..######.#.#.#.#
.#..# #...<#.#.#.#
...># #.#..#.#.#@#
.##.# #......#.#.#
###.##########.#.#
#............#.#
################.#
...... .5.
########### #.#
..........# #..
#########.#


You could see Grinder.

Vanquished Creatures
  An iguana (D:2)
  Robin (D:3)
  4 adders
  2 worms
  A dart slug (D:2)
  5 ball pythons
  4 endoplasms
  3 giant cockroaches
  10 goblins
  3 hobgoblins
  4 jackals
  A quokka (D:1)
  5 bats
  6 frilled lizards
  6 kobolds
  8 rats
64 creatures vanquished.

Notes
Turn   | Place    | Note
-------+----------+-------------------------------------------
     0 | D:1      | siradein the Draconian Fighter began the quest for the Orb.
     0 | D:1      | Reached XP level 1. HP: 19/19 MP: 1/1
   242 | D:1      | Reached XP level 2. HP: 12/26 MP: 2/2
  1492 | D:2      | Reached XP level 3. HP: 31/31 MP: 3/3
  1696 | D:2      | Reached XP level 4. HP: 6/40 MP: 4/4
  2296 | D:2      | Found a runed translucent door.
  2297 | D:2      | Noticed Crazy Yiuf
  2332 | D:3      | Noticed Robin
  2346 | D:3      | Reached skill level 4 in Fighting
  2349 | D:3      | Killed Robin
  2855 | D:3      | Reached XP level 5. HP: 33/46 MP: 5/5
  3084 | D:3      | Noticed Grinder
  3090 | D:3      | Paralysed by Grinder for 7 turns
  3099 | D:3      | Paralysed by Grinder for 2 turns
  3109 | D:3      | Killed from afar by Grinder

Illustrated notes

Levels and vault maps discovered:
D:1:      tarquinn_simple_flora_water_b, layout_basic
D:2:      layout_basic, uniq_crazy_yiuf_cottage
D:3:      layout_basic, minmay_circle_x, uniq_grinder, uniq_robin

Skill      XL: |  1  2  3  4 |
---------------+-------------+-----
Dodging        | 3 |  3.5
Fighting       | 4 |  4.2
Long Blades    | 3 |  3.1
Shields        | |  3.9

Action                   |  1- 3 |  4- 6 || total
-------------------------+-------+-------++-------
Melee: Long sword        |   105 |    59 ||   164
       Tailslap          |    12 |    16 ||    28
       Dagger            |       |    38 ||    38
  Use: Potion            |       |     1 ||     1
 Stab: Sleeping          |     1 |     2 ||     3
Armor: Skin              |    33 |    25 ||    58
Dodge: Dodged            |    61 |    52 ||   113
Block: Buckler           |    15 |    21 ||    36

Table legend: (Time is in decaauts)
 A = Elapsed time spent in this place.
 B = Non-inter-level travel time spent in this place.
 C = Inter-level travel time spent in this place.
 D = Time resting spent in this place.
 E = Time spent auto-exploring this place.
 F = Levels seen in this place.
 G = Mean time per level.
                   A        B        C        D        E       F      G
               +--------+--------+--------+--------+--------+-----+--------+
         Total |   3160 |   3106 |     54 |     11 |   2626 |   3 | 1053.3 |
       Dungeon |   3160 |   3106 |     54 |     11 |   2626 |   3 | 1053.3 |
               +--------+--------+--------+--------+--------+-----+--------+

Top non-repeatable levels by time:
     D:1: 1235 daAuts
     D:2: 1141 daAuts
     D:3: 783 daAuts
